 Dungeon Crawl Stone Soup version 0.28.0 (webtiles) character file.

Game seed: 4774402565380707066

1534 Kaptain the Digger (level 8, -12/46 HPs)
             Began as a Gargoyle Earth Elementalist on Feb 14, 2022.
             Mangled by an orc warrior (16 damage)
             ... on level 6 of the Dungeon.
             The game lasted 00:15:16 (7303 turns).

Kaptain the Digger (Gargoyle Earth Elementalist)    Turns: 7303, Time: 00:15:17

Health: -12/46     AC: 11    Str: 12    XL:     8   Next: 86%
Magic:  1/15       EV: 12    Int: 18    God:
Gold:   239        SH:  0    Dex: 10    Spells: 12/16 levels left

rFire   . . .      SeeInvis .   q - +2 hand axe (vorpal)
rCold   + . .      Faith    .   (no shield)
rNeg    + . .      Spirit   .   d - +0 leather armour
rPois   ∞          Reflect  .   (no helmet)
rElec   +          Harm     .   (no cloak)
rCorr   .          Rampage  .   (no gloves)
Will    .....                   v - +1 pair of boots
Stlth   ++........              u - amulet of the acrobat
HPRegen 0.15/turn               e - ring of protection from cold
MPRegen 0.14/turn               (no ring)

@: no status effects
A: sickness immunity, AC +5, negative energy resistance 1, electricity
resistance, torment resistance 1, petrification resistance
a: no special abilities


You were on level 6 of the Dungeon.
You visited 2 branches of the dungeon, and saw 7 of its levels.

You collected 239 gold pieces.

Inventory:

Hand Weapons
 g - a +0 short sword
 q - a +2 vorpal hand axe (weapon)
Missiles
 f - 9 poisoned darts
 j - 6 datura-tipped darts
 B - 44 stones
Armour
 d - a +0 leather armour (worn)
 s - a +0 buckler
 v - a +1 pair of boots (worn)
Jewellery
 e - a ring of protection from cold (left hand)
 u - an amulet of the acrobat (around neck)
Wands
 b - a wand of paralysis (12)
 i - a wand of digging (6)
 x - a wand of polymorph (12)
 z - a wand of flame (7)
Scrolls
 a - a scroll of identify
 h - a scroll of immolation
 k - a scroll of brand weapon
 l - a scroll of blinking {unknown}
 m - a scroll of fog
 n - 2 scrolls of enchant armour {unknown}
 o - 2 scrolls of magic mapping {unknown}
 r - a scroll of fear {unknown}
 t - a scroll of silence {unknown}
 y - a scroll of summoning {unknown}
 A - a scroll of noise {unknown}
Potions
 c - 3 potions of curing
 p - 2 potions of brilliance
 w - a potion of berserk rage {unknown}


   Skills:
 + Level 3.2 Fighting
 + Level 3.4 Armour
 + Level 3.1 Dodging
 + Level 4.4 Stealth
 + Level 2.1 Shields
 * Level 4.8 Spellcasting
 * Level 4.7 Conjurations
 - Level 0.7 Transmutations
 * Level 6.6 Earth Magic


You had 12 spell levels left.
You knew the following spells:

 Your Spells              Type           Power      Damage    Failure   Level
a - Sandblast             Erth           56%        2d13      1%          1
b - Stone Arrow           Conj/Erth      48%        3d10      4%          3

Your spell library contained the following spells:

 Spells                   Type           Power      Damage    Failure   Level
 Passwall                 Tmut/Erth      14%        N/A       6%          2
 Wereblood                Tmut           6%         N/A       19%         2
 Petrify                  Tmut/Erth      17%        N/A       36%         4
 Ice Form                 Ice/Tmut       5%         N/A       83%         4
 Dragon Form              Tmut           3%         N/A       100%        7


Dungeon Overview and Level Annotations

Branches:
Dungeon (6/15)             Temple (1/1) D:4

Altars:
Ashenzari
Dithmenos
Gozag
Hepliaklqana
Kikubaaqudgha
Makhleb
Nemelex Xobeh
Okawaru
Qazlal
Trog
Uskayaw
Vehumet
Wu Jian
Xom
Yredelemnul
Zin
The Shining One

Shops:
D:1 :


Innate Abilities, Weirdness & Mutations

You are immune to sickness and miasma.
Your stone body is resilient. (AC +5)
You are immune to poison.
You resist negative energy. (rN+)
You are resistant to electric shocks. (rElec)
You are resistant to unholy torment.
You are immune to petrification.


Message History

The stone arrow hits the orc warrior.
The orc warrior is lightly wounded.
Unknown command.
Casting: Stone Arrow (dangerous; 4% risk of failure)
Confirm with . or Enter, or press ? or * to list all spells.
Aiming: Stone Arrow (dangerous; 4% risk of failure)
Press: ? - help, Shift-Dir - straight line, f/p - orc warrior
Aim: an orc warrior, wielding a +2 flail of distortion and wearing a +0 plate armour (lightly wounded, 71% to hit)
The stone arrow misses the orc warrior.
The orc warrior hits you with a +2 flail of distortion!
You blink.
Casting: Stone Arrow (dangerous; 4% risk of failure)
Confirm with . or Enter, or press ? or * to list all spells.
Aiming: Stone Arrow (dangerous; 4% risk of failure)
Press: ? - help, Shift-Dir - straight line, f/p - orc warrior
Aim: an orc warrior, wielding a +2 flail of distortion and wearing a +0 plate armour (lightly wounded, 71% to hit)
The stone arrow hits the orc warrior!!
The orc warrior is severely wounded.
Unknown command.
Casting: Stone Arrow (dangerous; 4% risk of failure)
Confirm with . or Enter, or press ? or * to list all spells.
Aiming: Stone Arrow (dangerous; 4% risk of failure)
Press: ? - help, Shift-Dir - straight line, f/p - orc warrior
Aim: an orc warrior, wielding a +2 flail of distortion and wearing a +0 plate armour (severely wounded, 71% to hit)
The stone arrow hits the orc warrior.
The orc warrior is almost dead.
Unknown command.
Unknown command.
Unknown command.
You barely miss the orc warrior.
The orc warrior is almost dead.
The orc warrior barely misses you.
You hit the orc warrior.
The orc warrior is almost dead.
The orc warrior hits you with a +2 flail of distortion!
Space warps around you.
The orc warrior hits you with a +2 flail of distortion!
* * * LOW HITPOINT WARNING * * *
Space warps horribly around you!
You die...

...o.....................#.......
......................≈..#....<..
.....................≈≈≈.########
######................≈≈≈≈..≈...#
+..................≈≈≈≈≈≈..#
#.......................≈≈≈#
.######'#########'###.......#
.....)....).........#.......#
..........)o@.......#.......#
.............[......#.......#
#####################.......#
#########


You could see an orc warrior.

Vanquished Creatures
  3 sky beasts
  3 ogres
  2 phantoms
  2 scorpions
  A wyvern skeleton (D:5)
  An electric eel (D:6)
  5 hounds
  2 orc priests
  A bullfrog skeleton (D:3)
  2 centaur skeletons
  3 orc wizards (D:3)
  2 scorpion zombies (D:5)
  2 iguanas
  6 adders
  2 shadow imps
  A white imp (D:3)
  A worm (D:4)
  An adder skeleton (D:4)
  3 dart slugs
  8 orcs
  2 bats (D:3)
  6 endoplasms
  6 giant cockroaches
  6 goblins
  A hobgoblin (D:4)
  13 jackals
  A quokka (D:1)
  5 ball pythons
  13 frilled lizards
  2 goblin skeletons (D:3)
  2 hobgoblin zombies (D:3)
  3 kobolds
  2 kobold skeletons (D:3)
  2 kobold zombies (D:3)
  An orc skeleton (D:3)
  An orc zombie (D:3)
  4 rats
121 creatures vanquished.

Vanquished Creatures (others)
  7 plants (D:3)
7 creatures vanquished.

Grand Total: 128 creatures vanquished

Notes
Turn   | Place    | Note
-------+----------+-------------------------------------------
     0 | D:1      | Kaptain the Gargoyle Earth Elementalist began the quest for
                  | the Orb.
     0 | D:1      | Reached XP level 1. HP: 10/10 MP: 3/3
   194 | D:1      | Reached XP level 2. HP: 15/15 MP: 0/5
   532 | D:1      | Found Gaaps's Book Shop.
   538 | D:1      | Got Sif Muna's Guide on Transmigration
   635 | D:1      | Found a faded altar of an unknown god.
   683 | D:1      | You fall into a shaft and drop 1 floor!
   908 | D:1      | Reached skill level 4 in Earth Magic
   911 | D:1      | Reached XP level 3. HP: 18/20 MP: 0/6
   934 | D:1      | Learned a level 3 spell: Stone Arrow
  1910 | D:3      | Reached XP level 4. HP: 24/24 MP: 5/7
  1952 | D:3      | Found a glowing golden altar of the Shining One.
  1975 | D:3      | Reached skill level 1 in Fighting
  2071 | D:3      | Reached skill level 1 in Armour
  2201 | D:3      | Reached skill level 1 in Conjurations
  2294 | D:3      | Reached XP level 5. HP: 22/29 MP: 3/9
  3237 | D:3      | Reached XP level 6. HP: 34/34 MP: 5/10
  4012 | D:4      | Noticed a two-headed ogre
  4113 | D:4      | Found a staircase to the Ecumenical Temple.
  4133 | Temple   | Entered the Ecumenical Temple
  4373 | D:4      | Reached skill level 5 in Earth Magic
  4567 | D:4      | Reached XP level 7. HP: 40/40 MP: 2/12
  4964 | D:5      | Entered Level 5 of the Dungeon
  5662 | D:5      | Reached skill level 1 in Shields
  5662 | D:5      | Reached XP level 8. HP: 33/45 MP: 4/14
  5786 | D:5      | Reached skill level 6 in Earth Magic
  7303 | D:6      | Mangled by an orc warrior

Illustrated notes

Levels and vault maps discovered:
D:1:      wander_arrival_lonely_grave, layout_rooms,
          shapermc_ecumenical_altar_petra, serial_shops,
          nicolae_shop_advertising_works [nicolae_subvault_shop_adworks],
          minmay_indecisive_spiral
D:2:      layout_loops_ring
D:3:      layout_basic, nicolae_tso_besieged_by_evil, grunt_decor_clamped,
          minmay_lizard_king
D:4:      layout_basic, minmay_temple_entry_overgrown
D:5:      layout_cave_pods
D:6:      cheibrodos_barr_body, layout_gridville,
          chequers_serial_rivers_small_a, kennysheep_path_1
Temple:   compressed_dpeg_circular_temple

Skill      XL: |  1  2  3  4  5  6  7  8 |
---------------+-------------------------+-----
Earth Magic    | 4 5 6 |  6.6
Fighting       | 1 2 3 |  3.2
Armour         | 1 2 3 |  3.4
Conjurations   | 1 2 3 4 |  4.7
Dodging        | 2 3 |  3.1
Stealth        | 3 4 |  4.4
Spellcasting   | 3 4 |  4.8
Shields        | 1 2 |  2.1
Transmutations | |  0.7

Action                   |  1- 3 |  4- 6 |  7- 9 || total
-------------------------+-------+-------+-------++-------
Melee: Short sword       |    46 |    42 |     5 ||    93
       Mace              |     3 |       |       ||     3
       Punch             |       |     1 |     1 ||     2
       Hand axe          |       |       |    56 ||    56
 Cast: Sandblast         |    45 |    59 |       ||   104
       Stone Arrow       |       |    10 |    48 ||    58
  Use: Scroll            |     3 |     6 |       ||     9
       Potion            |       |     1 |       ||     1
 Stab: Sleeping          |     1 |     1 |     1 ||     3
Armor: Robe              |    19 |     7 |       ||    26
       Leather armour    |       |    13 |    31 ||    44
Dodge: Dodged            |    55 |    31 |    49 ||   135
